 Dungeon Crawl Stone Soup version 0.30.0 (webtiles) character file.

Game seed: 13061803839952110583

65 wokwok the Poker (level 3, -4/34 HPs)
             Began as a Minotaur Berserker on Dec 19, 2023.
             Was a Follower of Trog.
             Slain by Terence
             ... wielding a +0 falchion of freezing
              (7 damage)
             ... on level 2 of the Dungeon.
             The game lasted 00:04:14 (558 turns).

wokwok the Poker (Minotaur Berserker)                Turns: 558, Time: 00:04:15

Health: -4/34      AC:  2    Str: 23    XL:     3   Next: 94%
Magic:  2/2        EV: 12    Int:  4    God:    Trog [*.....]
Gold:   27         SH:  0    Dex:  9    Spells: 2/2 levels left

rFire   . . .        a - +0 spear
rCold   . . .        (no shield)
rNeg    . . .        b - +0 animal skin
rPois   .            (helmet restricted)
rElec   .            (no cloak)
rCorr   .            (no gloves)
SInv    .            (no boots)
Will    .....        (no amulet)
Stlth   +            (no ring)
HPRegen 0.25/turn    (no ring)
MPRegen 0.08/turn

%: no passive effects
@: no status effects
A: horns 2, retaliatory headbutt
a: Renounce Religion, Berserk


You were on level 2 of the Dungeon.
You worshipped Trog.
Trog was aware of your devotion.
You visited 1 branch of the dungeon, and saw 2 of its levels.

You collected 27 gold pieces.

Inventory:

Hand Weapons
 a - a +0 spear (weapon)
Armour
 b - a +0 animal skin (worn)
Jewellery
 c - a +6 ring of strength
Wands
 h - a wand of polymorph (8)
Scrolls
 d - 5 scrolls of identify {unknown}
 e - a scroll of brand weapon {unknown}
 g - a scroll of teleportation {unknown}
 i - a scroll of blinking {unknown}
Potions
 f - a potion of flight {unknown}


   Skills:
 + Level 4.4 Fighting
 + Level 5.0 Polearms
 + Level 2.6 Armour
 + Level 2.4 Dodging


You had 2 spell levels left.
You didn't know any spells.
Your spell library was empty.

Dungeon Overview and Level Annotations

Branches:
Dungeon (2/15)

Altars:
Zin

Shops:
D:1 =

Annotations:
D:2 Terence


Innate Abilities, Weirdness & Mutations

You have a pair of horns on your head.
You reflexively headbutt those who attack you in melee.


Message History

You hit Terence but do no damage.
Terence is lightly wounded.
You hit Terence.
Terence is moderately wounded.
Terence hits you with a +0 falchion of freezing.
Terence freezes you.
You barely miss Terence.
Terence is moderately wounded.
Terence hits you with a +0 falchion of freezing.
Terence freezes you.
You are too injured to fight recklessly!
You are too injured to fight recklessly!
You are too injured to fight recklessly!
You are too injured to fight recklessly!
You are too injured to fight recklessly!
You are too injured to fight recklessly!
You are too injured to fight recklessly!
Terence is nearby!
You are too injured to fight recklessly!
You are too injured to fight recklessly!
You are too injured to fight recklessly!
You are too injured to fight recklessly!
You closely miss Terence.
Terence is moderately wounded.
Terence hits you with a +0 falchion of freezing.
* * * LOW HITPOINT WARNING * * *
Terence freezes you.
* * * LOW HITPOINT WARNING * * *
You hit Terence but do no damage.
Terence is moderately wounded.
Terence hits you with a +0 falchion of freezing.
* * * LOW HITPOINT WARNING * * *
Terence freezes you.
* * * LOW HITPOINT WARNING * * *
Aiming: Polymorph
Press: ? - help, Q - select action Shift-Dir - straight line, f/p - Terence
Aim: Terence, wielding a +0 falchion of freezing and wearing a +0 ring mail (moderately wounded, will become an orc, a gnoll, or an endoplasm, chance to affect: 57%) Terence resists with significant effort.
Terence hits you with a +0 falchion of freezing!
You die...

##...###.......>..
##......#...##..# .## ##
##.##..###.##..# ...
#.###.###..##......
#.##..##.# #..###.....
#.....##.###..##......
#####...##..#...##......
....=.....#.#.#.........
.......@#.#.............
.>....@...#...##..).....
...............#.....†..
........................
........#.##......._....
..............†<....†...
........#.....)##.......
.....(....#..#.†......#.
...........##.#.


You could see Terence.

Vanquished Creatures
  Jessica (D:2)
  An adder (D:2)
  A worm (D:2)
  A dart slug (D:1)
  2 bats (D:2)
  3 endoplasms (D:1)
  8 hobgoblins
  2 jackals (D:1)
  A frilled lizard (D:1)
  A goblin (D:1)
  A kobold (D:2)
  3 rats (D:1)
25 creatures vanquished.

Vanquished Creatures (others)
  A plant (D:1)
1 creature vanquished.

Grand Total: 26 creatures vanquished

Notes
Turn   | Place    | Note
-------+----------+-------------------------------------------
     0 | D:1      | wokwok the Minotaur Berserker began the quest for the Orb.
     0 | D:1      | Reached XP level 1. HP: 19/19 MP: 0/0
    72 | D:1      | Reached XP level 2. HP: 27/27 MP: 1/1
    81 | D:1      | Reached skill level 4 in Polearms
   190 | D:1      | Found Igye's Jewellery Shoppe.
   446 | D:2      | Found a glowing silver altar of Zin.
   454 | D:2      | Reached XP level 3. HP: 29/33 MP: 2/2
   484 | D:2      | Noticed Jessica
   492 | D:2      | Killed Jessica
   493 | D:2      | Reached skill level 5 in Polearms
   548 | D:2      | Noticed Terence
   558 | D:2      | Slain by Terence

Illustrated notes

Levels and vault maps discovered:
D:1:      lemuel_arrival_cross, layout_rooms, serial_shops, shop, st_stairs_1,
          serial_bayou_pond_c
D:2:      layout_rooms, serial_shops, nicolae_diamond_shop, basic_altar,
          uniq_natasha, uniq_terence, uniq_jessica

Skill      XL: |  1  2  3 |
---------------+----------+-----
Polearms       | 4 5 |  5.0
Fighting       | 4 |  4.4
Armour         | |  2.6
Dodging        | |  2.4

Action                     || total
---------------------------++-------
  Melee: Spear             ||    75
         Headbutt          ||     7
         Punch             ||     1
  Evoke: Wand              ||     1
   Stab: Sleeping          ||     1
 Armour: Animal skin       ||     4
  Dodge: Dodged            ||    31
